 Dungeon Sprint DCSS version 0.30.1-11-g7821555f0a (webtiles) character file.

Game seed: 974271680207398060

6 Heoruswealwe the Covered (level 1, 0/20 HPs)
             Began as a Minotaur Fighter on Nov 3, 2023.
             Was an Initiate of Gozag.
             Succumbed to a scorpion's poison
             ... in the Dungeon (Sprint IX: "|||||||||||||||||||||||||||||").
             The game lasted 00:00:40 (45 turns).

Heoruswealwe the Covered (Minotaur Fighter)           Turns: 45, Time: 00:00:40

Health: 0/20       AC:  7    Str: 20    XL:     1   Next: 75%
Magic:  0/0        EV:  9    Int:  5    God:    Gozag
Gold:   0          SH:  4    Dex:  9    Spells: 0/0 levels left

rFire   . . .        a - +0 trident
rCold   . . .        d - +0 buckler
rNeg    . . .        c - +0 scale mail
rPois   .            (helmet restricted)
rElec   .            (no cloak)
rCorr   .            (no gloves)
SInv    .            (no boots)
Will    .....        (no amulet) Stlth
                     (no ring)
HPRegen 0.23/turn    (no ring)
MPRegen 0.07/turn

%: no teleportation
@: lethally poisoned (0 -> -11)
A: horns 2, retaliatory headbutt
a: Renounce Religion, Potion Petition, Call Merchant, Bribe Branch


You were in the Dungeon.
You worshipped Gozag.
Gozag was noncommittal.
You visited 1 branch

Inventory:

Hand Weapons
 a - a +0 trident (weapon)
Armour
 c - a +0 scale mail (worn)
 d - a +0 buckler (worn)
Potions
 b - a potion of might
 g - a potion of haste
 i - a potion of berserk rage


   Skills:
 + Level 4.2 Fighting
 * Level 3.9 Polearms
 + Level 4.2 Armour
 - Level 3.6 Shields


You couldn't memorise any spells.
You didn't know any spells.
Your spell library was empty.

Dungeon Overview and Level Annotations

Branches:
Dungeon (1/1)

Altars:
Cheibriados
Dithmenos
Elyvilon
Fedhas
Gozag
Hepliaklqana
Kikubaaqudgha
Makhleb
Nemelex Xobeh
Okawaru
Jiyva
Lugonu


Innate Abilities, Weirdness & Mutations

You have a pair of horns on your head.
You reflexively headbutt those who attack you in melee.


Message History

Found an iron altar of Okawaru.
You feel sick.
There is an opulent altar of Gozag here.
You kneel at the altar of Gozag.
Gozag welcomes you!
Gozag waives the service fee.
You feel sick.
You are no longer poisoned.
The scorpion stings you.
* * * LOW HITPOINT WARNING * * *
You feel much better. The scorpion barely misses you.
You hit the scorpion.
The scorpion is lightly wounded.
You block the scorpion's attack.
You hit the scorpion but do no damage.
The scorpion is lightly wounded.
The scorpion stings you but does no damage.
The scorpion stings you.
You are poisoned.
The scorpion poisons you!
You hit the scorpion.
The scorpion is lightly wounded.
You feel very sick.
The scorpion stings you but does no damage.
You puncture the scorpion!
The scorpion is heavily wounded.
You feel sick.
The scorpion stings you but does no damage.
You hit the scorpion but do no damage.
The scorpion is heavily wounded.
You feel sick. You block the scorpion's attack. The scorpion stings you.
You hit the scorpion.
The scorpion is severely wounded.
You feel sick. The scorpion stings you.
* * * LOW HITPOINT WARNING * * *
You are more poisoned.
The scorpion poisons you!
You hit the scorpion.
The scorpion is severely wounded.
You die...
Your body crumbles into a pile of gold.

$ $
▓_▓
$
▓_▓
▓_▓
$
▓_▓
$
▓_▓
$
▓_▓
$
▓_▓
$
▓@▓
$
▓s▓
$
▓c▓
$
▓W▓
$
▓W▓
$
▓o▓
$
▓'▓
$
▓.▓
$
▓.▓


You could see 2 phantoms, a centaur, a scorpion and an orc.

Vanquished Creatures
  A ball python (D)
  An endoplasm (D)
  A giant cockroach (D)
  A hobgoblin (D)
  A frilled lizard (D)
5 creatures vanquished.

Notes
Turn   | Place    | Note
-------+----------+-------------------------------------------
     0 | D        | Heoruswealwe the Minotaur Fighter began the quest for the
                  | Orb.
     0 | D        | Reached XP level 1. HP: 19/19 MP: 0/0
    25 | D        | Noticed a scorpion
    25 | D        | Noticed a centaur
    25 | D        | Noticed a phantom
    25 | D        | Noticed a phantom
    29 | D        | Found a snail-covered altar of Cheibriados.
    29 | D        | Found a shadowy altar of Dithmenos.
    29 | D        | Found a white marble altar of Elyvilon.
    29 | D        | Found a blossoming altar of Fedhas.
    29 | D        | Found an opulent altar of Gozag.
    30 | D        | Found a hazy altar of Hepliaklqana.
    31 | D        | Found a viscous altar of Jiyva.
    32 | D        | Found an ancient bone altar of Kikubaaqudgha.
    33 | D        | Found a corrupted altar of Lugonu.
    34 | D        | Found a burning altar of Makhleb.
    35 | D        | Found a sparkling altar of Nemelex Xobeh.
    36 | D        | Found an iron altar of Okawaru.
    37 | D        | Became a worshipper of Gozag Ym Sagoz the Greedy
    45 | D        | Succumbed to a scorpion's poison

Illustrated notes

Levels and vault maps discovered:
D:        linesprint [early_d, line_temple, items_1, d_10, items_2, lair_1,
          lair_end, items_3, orc_1, orc_end, items_4, d_15, swamp_1, shoals_1,
          snake_1, spider_1, d_20, vaults_1, items_5, swamp_end, shoals_end,
          snake_end, spider_end, vaults_end, d_27, items_6, zot_1, zot_end,
          crypt_end, forest_end, elf_end, slime_end, tomb_end, abyss_end,
          pan_hell_end]

Skill      XL: |  1 |
---------------+----+-----
Polearms       | 3 |  3.9
Fighting       | 4 |  4.2
Armour         | 4 |  4.2
Shields        | |  3.6

Action                     || total
---------------------------++-------
  Melee: Trident           ||    18
         Headbutt          ||     1
    Use: Potion            ||     2
         Scroll            ||     1
 Armour: Scale mail        ||     7
  Dodge: Dodged            ||     5
  Block: Buckler           ||     4
